 Dungeon Sprint DCSS version 0.18.1-48-g4cf74bf (webtiles) character file.

14765 Groucho the Unseen (level 11, -5/54 HPs)
             Began as a Spriggan Enchanter on June 26, 2016.
             Was the Champion of Sif Muna.
             Slain by a lorocyproca (11 damage)
             ... in the Dungeon (Sprint I: "Red Sonja").
             The game lasted 00:25:26 (6108 turns).

Groucho the Unseen (Spriggan Enchanter)             Turns: 6108, Time: 00:25:27

Health: -5/54      AC:  3    Str:  7      XL:     11   Next: 93%
Magic:  21/33      EV: 30    Int: 15 (18) God:    Sif Muna [******]
Gold:   184        SH:  7    Dex: 16      Spells: 10 memorised, 7 levels left

rFire  . . .     SeeInvis +     a - +1 dagger
rCold  . . .     Gourm    .     b - +1 robe
rNeg   . . .     Faith    .     l - +0 buckler of Xiusoebu {MR+ Regen+} (curse)
rPois  .         Spirit   .     m - +0 hat
rElec  .         Dismiss  .     (no cloak)
rCorr  .         Reflect  .     (gloves unavailable)
SustAt .         Harm     .     (boots unavailable)
MR     ++...     NoTele   +     (no amulet)
Stlth  ++++++++..               (no ring)
                                (no ring)

@: very quick, very resistant to hostile enchantments, extraordinarily stealthy
A: unfitting armour, see invisible, herbivore 3, speed 3, slow metabolism 2
a: Channel Energy, Forget Spell, Renounce Religion


You were in the Dungeon.
You worshipped Sif Muna.
Sif Muna was exalted by your worship.
You were not hungry.

You visited 1 branch You collected 1715 gold pieces.
You spent 1531 gold pieces at shops.

Inventory:

Hand Weapons
 a - a +1 dagger (weapon)
 r - a +1 rapier of venom
Missiles
 n - 20 bolts (quivered)
 o - 38 stones
Armour
 b - a +1 robe (worn)
 l - the cursed +0 buckler of Xiusoebu (worn) {MR+ Regen+}
   (You found it in the Dungeon)

   It affects your resistance to hostile enchantments.
   It increases your rate of regeneration.
   It has a curse placed upon it.
 m - a +0 hat (worn)
Jewellery
 g - an uncursed ring of fire
 q - the ring of Shadows {Umbra +Inv rN+ SInv}
   (You bought it in a shop in the Dungeon)

   [ring of positive energy]

   It protects you from negative energy.
   It lets you see invisible.
   It lets you turn invisible.
Potions
 e - 5 potions of curing
 h - 2 potions of magic
 i - a potion of berserk rage
 k - a potion of flight
Books
 c - a book of Maledictions

   Spells                             Type                      Level
   a - Corona                         Hexes                        1
   b - Ensorcelled Hibernation        Hexes/Ice                    2
   c - Confuse                        Hexes                        3
   d - Tukima's Dance                 Hexes                        3
   e - Dazzling Spray                 Conjuration/Hexes            3
 d - Sif Muna's Tome of Unholy Rituals and Curses
   (Sif Muna gifted it to you in the Dungeon)

   Spells                             Type                      Level
   a - Confusing Touch                Hexes                        2
   b - Fulminant Prism                Conjuration/Hexes            4
   c - Darkness                       Hexes                        6
 f - Sif Muna's Guide on the Bewitching Snowflakes
   (Sif Muna gifted it to you in the Dungeon)

   Spells                             Type                      Level
   a - Slow                           Hexes                        2
   b - Dazzling Spray                 Conjuration/Hexes            3
   c - Fulminant Prism                Conjuration/Hexes            4
   d - Throw Icicle                   Conjuration/Ice              4
   e - Cause Fear                     Hexes                        4
   f - Yara's Violent Unravelling     Hexes/Transmutation          5
   g - Metabolic Englaciation         Hexes/Ice                    5
   h - Invisibility                   Hexes                        6
 j - Quzxacit's Papyrus of Companions and Attacks
   (Sif Muna gifted it to you in the Dungeon)

   Spells                             Type                      Level
   a - Summon Guardian Golem          Hexes/Summoning              3
   b - Iron Shot                      Conjuration/Earth            6
   c - Summon Greater Demon           Summoning                    7
   d - Summon Hydra                   Summoning                    7
 s - a book of Transfigurations

   Spells                             Type                      Level
   a - Irradiate                      Conjuration/Transmutation    5
   b - Statue Form                    Transmutation/Earth          6
   c - Hydra Form                     Transmutation                6
   d - Dragon Form                    Transmutation                7
Miscellaneous
 p - a fan of gales


   Skills:
 + Level 4.5 Fighting
 - Level 15.0 Short Blades
 - Level 15.0 Dodging
 - Level 18.0 Stealth
 + Level 4.1 Shields
 * Level 1.0 Unarmed Combat
 + Level 17.4 Spellcasting
 - Level 14.0 Hexes
 * Level 8.5 Transmutations


You had 7 spell levels left.
You knew the following spells:

 Your Spells              Type           Power        Failure   Level  Hunger
a - Corona                Hex            ######.      1%          1    None
b - Ensorcelled Hibernat  Hex/Ice        ####..       1%          2    None
c - Confuse               Hex            ######..     1%          3    None
d - Dazzling Spray        Conj/Hex       ####..       1%          3    None
e - Tukima's Dance        Hex            ######..     1%          3    None
f - Summon Guardian Gole  Hex/Summ       ####....     1%          3    None
g - Fulminant Prism       Conj/Hex       ####......   3%          4    None
h - Statue Form           Trmt/Erth      ####.....    98%         6    #####..
i - Hydra Form            Trmt           #####.....   30%         6    #####..
j - Invisibility          Hex            ######..     3%          6    #####..


Dungeon Overview and Level Annotations

Branches:
Dungeon (1/1)

Altars:
Cheibriados
Dithmenos
Elyvilon
Fedhas
Gozag
Kikubaaqudgha
Makhleb
Nemelex Xobeh
Okawaru
Pakellas
Qazlal
Ru
Sif Muna
Trog
Vehumet
Xom
Yredelemnul
Zin
The Shining One
Jiyva

Shops:
D [!!}(=*?:}=**}%[(

Annotations:
D exclusion: oklob plant, Norris


Innate Abilities, Weirdness & Mutations

You are tiny and cannot use many weapons and most armour.
You have supernaturally acute eyesight.
You are a herbivore.
You cover ground extremely quickly.
You need consume almost no food.


Message History

The lorocyproca barely misses you.
Casting: Dazzling Spray
Confirm with . or Enter, or press ? or * to list all spells.
Aiming: Dazzling Spray
Press: ? - help, Shift-Dir - straight line, f/p - lorocyproca
Aim: a lorocyproca (moderately wounded, slightly transparent)
The spray of energy misses the lorocyproca.
The lorocyproca completely misses you.
Casting: Dazzling Spray
Confirm with . or Enter, or press ? or * to list all spells.
Aiming: Dazzling Spray
Press: ? - help, Shift-Dir - straight line, f/p - lorocyproca
Aim: a lorocyproca (moderately wounded, slightly transparent)
The spray of energy hits the lorocyproca.
The lorocyproca is moderately wounded.
Norris mumbles some strange prayers to his god against you.
Something smites you!
* * * LOW HITPOINT WARNING * * *
The lorocyproca hits you!
You die...

#################################
__#..'..)#).#§§§§'.§.§§§§..#^^+.§
..'..#...##'#§####.§§§§##..'^^#.§
__####).)'..#§# ##.§§#######+#§§
###)§#####..'.#+#$###'# ##..#.§
§≈≈§§#§.##'####..$#@#.##$$$#..##§
≈§§.§§§.#...§.#..$###..###$#.)≈##
§≈§§)#§.#.§§§.+.@2$$##.#A#$#..≈.}
#§#####'###§.§#^....# .###$#..≈.#
§..)###.'.#.§.###++## ##..$#..≈##
#'###.###.#..## +###..≈#
....'.∩##.#..# #P≈..##
#########.##+# #M≈..# .......##§#
###..# .......§§.# +..#
+++######.# ##'#


You could see Norris (invisible) and a lorocyproca (invisible).

Vanquished Creatures
  A deep elf annihilator (D)
  A hydra (D)
  2 centaur warriors (D)
  Sonja (D)
  A deep troll (D)
  7 unseen horrors (D)
  A lindwurm (D)
  An oklob plant (D)
  A siren (D)
  2 kobold demonologists (D)
  A gargoyle (D)
  4 demonic crawlers (D)
  A hellwing (D)
  A slime creature (D)
  2 redbacks (D)
  Sigmund (D)
  13 hogs (D)
  A yak (D)
  3 giant eyeballs (D)
  7 necrophages (D)
  2 wasps (D)
  An ogre (D)
  8 jellies (D)
  Ijyb (D)
  4 ballistomycetes (D)
68 creatures vanquished.

Vanquished Creatures (others)
  the Lernaean hydra (D)
  A deep elf master archer (D)
  A siren (D)
  A gargoyle (D)
  3 wasps (D)
  6 fulminant prisms (D)
  2 giant spores (D)
15 creatures vanquished.

Grand Total: 83 creatures vanquished

Notes
Turn   | Place    | Note
--------------------------------------------------------------
     0 | D        | Groucho the Spriggan Enchanter began the quest for the Orb.
     0 | D        | Reached XP level 1. HP: 9/9 MP: 5/5
     2 | D        | Noticed Ijyb
    34 | D        | Killed Ijyb
    34 | D        | Reached skill level 6 in Stealth
    34 | D        | Reached skill level 5 in Spellcasting
    34 | D        | Reached skill level 5 in Hexes
    34 | D        | Reached XP level 2. HP: 11/13 MP: 6/9
    71 | D        | Learned a level 2 spell: Ensorcelled Hibernation
    72 | D        | Noticed an ogre
    74 | D        | Killed an ogre
    74 | D        | Reached skill level 7 in Stealth
    74 | D        | Reached XP level 3. HP: 15/16 MP: 10/10
    74 | D        | Reached XP level 4. HP: 19/21 MP: 12/12
    88 | D        | Noticed Sigmund
    90 | D        | Killed Sigmund
    90 | D        | Reached skill level 10 in Dodging
    90 | D        | Reached skill level 9 in Stealth
    90 | D        | Reached XP level 5. HP: 23/24 MP: 13/13
   102 | D        | Found a deep blue altar of Sif Muna.
   106 | D        | Found a radiant altar of Vehumet.
   110 | D        | Reached XP level 6. HP: 28/28 MP: 15/15
   112 | D        | Became a worshipper of Sif Muna the Loreminder
   117 | D        | Learned a level 3 spell: Confuse
   121 | D        | Learned a level 3 spell: Dazzling Spray
   125 | D        | Learned a level 3 spell: Tukima's Dance
   159 | D        | Found Zixy's Distillery.
   159 | D        | Found a white marble altar of Elyvilon.
   159 | D        | Found a stormy altar of Qazlal.
   159 | D        | Found a burning altar of Makhleb.
   159 | D        | Found a sacrificial altar of Ru.
   159 | D        | Found an oddly glowing altar of Pakellas.
   159 | D        | Found a basalt altar of Yredelemnul.
   159 | D        | Found a glowing golden altar of the Shining One.
   159 | D        | Found a sparkling altar of Nemelex Xobeh.
   159 | D        | Found a shimmering altar of Xom.
   159 | D        | Found an opulent altar of Gozag.
   159 | D        | Found an ancient bone altar of Kikubaaqudgha.
   159 | D        | Found a glowing silver altar of Zin.
   159 | D        | Noticed a yak
   164 | D        | Killed a yak
   164 | D        | Reached * piety under Sif Muna
   164 | D        | Reached skill level 10 in Stealth
   165 | D        | Found an iron altar of Okawaru.
   166 | D        | Found a bloodstained altar of Trog.
   170 | D        | Bought a potion of curing for 33 gold pieces
   170 | D        | Bought a potion of berserk rage for 55 gold pieces
   170 | D        | Bought a potion of flight for 33 gold pieces
   170 | D        | Bought a potion of heal wounds for 55 gold pieces
   170 | D        | Bought a potion of curing for 33 gold pieces
   170 | D        | Bought a potion of might for 44 gold pieces
   170 | D        | Bought a potion of curing for 33 gold pieces
   286 | D        | Found a snail-covered altar of Cheibriados.
   286 | D        | Found a shadowy altar of Dithmenos.
   286 | D        | Noticed a slime creature
   287 | D        | Found a viscous altar of Jiyva.
   287 | D        | Found a blossoming altar of Fedhas.
   578 | D        | Killed a slime creature
   578 | D        | Reached skill level 10 in Short Blades
   578 | D        | Reached skill level 11 in Stealth
   578 | D        | Reached XP level 7. HP: 32/32 MP: 13/18
   727 | D        | Noticed a kobold demonologist
   749 | D        | Noticed a centaur warrior
   750 | D        | Noticed a centaur warrior
   751 | D        | Killed a centaur warrior
   751 | D        | Reached ** piety under Sif Muna
   751 | D        | Reached skill level 13 in Stealth
   751 | D        | Reached XP level 8. HP: 36/36 MP: 19/22
   753 | D        | Killed a centaur warrior
   753 | D        | Reached *** piety under Sif Muna
   753 | D        | Reached skill level 14 in Stealth
   753 | D        | Reached skill level 10 in Spellcasting
   753 | D        | Reached skill level 10 in Hexes
   773 | D        | Noticed an oklob plant
   813 | D        | Noticed a deep troll
   815 | D        | Killed a deep troll
   815 | D        | Reached XP level 9. HP: 39/39 MP: 24/24
   827 | D        | Found Paor's Armour Emporium.
   835 | D        | Bought a +0 hat for 40 gold pieces
   847 | D        | Noticed Sonja
   850 | D        | Killed Sonja
   850 | D        | Reached **** piety under Sif Muna
   850 | D        | Reached skill level 15 in Stealth
  1402 | D        | Noticed a kobold demonologist
  1406 | D        | Killed a kobold demonologist
  1408 | D        | Killed a kobold demonologist
  1408 | D        | Reached ***** piety under Sif Muna
  1418 | D        | Noticed a demonic crawler
  1418 | D        | Noticed a demonic crawler
  1418 | D        | Noticed a demonic crawler
  1418 | D        | Noticed a demonic crawler
  1453 | D        | Killed a demonic crawler
  1453 | D        | Reached skill level 15 in Short Blades
  1453 | D        | Reached XP level 10. HP: 35/44 MP: 14/26
  1517 | D        | Reached skill level 16 in Stealth
  1771 | D        | Killed a gargoyle
  2315 | D        | Noticed a lindwurm
  2319 | D        | Killed a lindwurm
  2335 | D        | Reached skill level 17 in Stealth
  2378 | D        | Reached ****** piety under Sif Muna
  2378 | D        | Received a gift from Sif Muna
  2379 | D        | Identified Quzxacit's Papyrus of Companions and Attacks (Sif Muna gifted it to you in the Dungeon)
  2691 | D        | Killed the 27-headed Lernaean hydra
  2910 | D        | Noticed a 12-headed hydra
  2912 | D        | Killed a 12-headed hydra
  2912 | D        | Reached skill level 15 in Dodging
  2914 | D        | Reached XP level 11. HP: 47/47 MP: 25/29
  3344 | D        | Noticed a deep elf annihilator
  3359 | D        | Noticed a daeva
  3706 | D        | Killed an oklob plant
  3706 | D        | Reached skill level 18 in Stealth
  4121 | D        | Learned a level 3 spell: Summon Guardian Golem
  4127 | D        | Noticed an unseen horror
  4128 | D        | Noticed an unseen horror
  4134 | D        | Killed an unseen horror
  4134 | D        | Received a gift from Sif Muna
  4136 | D        | Killed an unseen horror
  4136 | D        | Reached skill level 15 in Spellcasting
  4138 | D        | Identified Sif Muna's Tome of Unholy Rituals and Curses (Sif Muna gifted it to you in the Dungeon)
  4144 | D        | Learned a level 4 spell: Fulminant Prism
  4199 | D        | Got an encrusted buckler
  4221 | D        | Found Qoid's Gadget Shoppe.
  4221 | D        | Found Otunuky's Distillery.
  4221 | D        | Found Derote's Weapon Boutique.
  4223 | D        | Found Kixesch's Jewellery Emporium.
  4223 | D        | Found Kabunow's Assorted Antiques.
  4223 | D        | Found Noita's Magic Scroll Shoppe.
  4223 | D        | Found Ludule's Book Boutique.
  4223 | D        | Found Zuitior's Gadget Emporium.
  4223 | D        | Found Lule's Jewellery Shop.
  4223 | D        | Found Xesifer's General Store.
  4225 | D        | Found Ziexzis's Assorted Antiques.
  4226 | D        | Found Enuar's Food Emporium.
  4226 | D        | Found Guguxzof's Gadget Boutique.
  4227 | D        | Found Burr's Antique Weapon Emporium.
  4248 | D        | Bought the ring of Shadows {Umbra +Inv rN+ SInv} for 496 gold pieces
  4258 | D        | Bought a runed rapier for 104 gold pieces
  4287 | D        | Bought a book of Transfigurations for 605 gold pieces
  4306 | D        | Learned a level 6 spell: Statue Form
  4335 | D        | Learned a level 6 spell: Hydra Form
  4376 | D        | Found Qiotue's Armour Boutique.
  4389 | D        | Identified the cursed +0 buckler of Xiusoebu {MR+ Regen+} (You found it in the Dungeon)
  4476 | D        | Noticed an unseen horror
  4478 | D        | Noticed an unseen horror
  4479 | D        | Noticed an unseen horror
  4483 | D        | Killed an unseen horror
  4483 | D        | Reached skill level 1 in Fighting
  4483 | D        | Reached skill level 1 in Shields
  4485 | D        | Noticed an unseen horror
  4485 | D        | Killed an unseen horror
  4485 | D        | Received a gift from Sif Muna
  4489 | D        | Killed an unseen horror
  4495 | D        | Killed an unseen horror
  4495 | D        | Reached skill level 5 in Transmutations
  4496 | D        | Identified Sif Muna's Guide on the Bewitching Snowflakes (Sif Muna gifted it to you in the Dungeon)
  4506 | D        | Learned a level 6 spell: Invisibility
  4606 | D        | Noticed an unseen horror
  4639 | D        | Killed an unseen horror
  4677 | D        | Killed a deep elf annihilator
  4680 | D        | Noticed a mummy priest
  4683 | D        | Noticed an oklob plant
  5086 | D        | Killed a deep elf master archer
  5857 | D        | Reached skill level 1 in Unarmed Combat
  6092 | D        | Noticed Norris
  6093 | D        | Noticed a lorocyproca
  6108 | D        | Slain by a lorocyproca

Skill      XL: |  1  2  3  4  5  6  7  8  9 10 11 |
---------------+----------------------------------+-----
Stealth        | 6 7 9 11 13 14 15 17 18 | 18.0
Spellcasting   | 5 7 9 10 11 13 17 | 17.4
Hexes          | 5 7 9 10 11 13 14 | 14.0
Short Blades   | 4 7 10 11 13 15 | 15.0
Dodging        | 7 10 15 | 15.0
Fighting       | 4 |  4.5
Shields        | 4 |  4.1
Transmutations | 8 |  8.5
Unarmed Combat | 1 |  1.0

Action                   |  1- 3 |  4- 6 |  7- 9 | 10-12 || total
-------------------------+-------+-------+-------+-------++-------
Melee: Dagger            |    31 |     7 |    64 |   156 ||   258
       Unarmed           |       |       |       |    19 ||    19
 Cast: Dazzling Spray    |       |     5 |     4 |    14 ||    23
       Ensorcelled Hiber |       |     5 |       |    19 ||    24
       Confuse           |       |       |       |    10 ||    10
       Fulminant Prism   |       |       |       |     6 ||     6
       Hydra Form        |       |       |       |     4 ||     4
       Invisibility      |       |       |       |     1 ||     1
 Abil: End Transformatio |       |       |       |     1 ||     1
  Use: Potion            |     1 |       |     1 |     5 ||     7
       Scroll            |       |       |     1 |     3 ||     4
 Stab: Sleeping          |     2 |     4 |     8 |    22 ||    36
       Invisible         |       |       |     1 |    10 ||    11
       Confused          |       |       |       |     1 ||     1
  Eat: Bread ration      |       |       |       |     1 ||     1
Armor: Robe              |     6 |       |       |     5 ||    11
       Skin              |       |       |       |     3 ||     3
Dodge: Dodged            |    13 |     5 |    12 |   154 ||   184
Block: Buckler           |       |       |       |     8 ||     8
